 Seeded DCSS version 0.28.0-43-g3370ac3207 (webtiles) character file.

Game seed: 9871404364189446373 (custom seed)

595948 croobank the Conqueror (level 26, -17/236 (239) HPs)
             Began as a Minotaur Fighter on Mar 26, 2022.
             Was the Champion of Hepliaklqana.
             Killed from afar by a Hell Sentinel (33 damage)
             ... with damnation
             ... on level 1 of the Depths on Mar 27, 2022.
             The game lasted 07:06:17 (58457 turns).

croobank the Conqueror (Minotaur Fighter)          Turns: 58457, Time: 07:06:17

HP:   -17/236 (239) AC: 37    Str: 35    XL:     26   Next: 35%
MP:   10/10         EV: 25    Int:  4    God:    Hepliaklqana [******]
Gold: 1771          SH:  4    Dex: 15    Spells: 24/25 levels left

rFire   + + .      SeeInvis .   a - +9 executioner's axe (chaos)
rCold   . . .      Faith    .   (shield currently unavailable)
rNeg    + . .      Spirit   .   L - +0 fire dragon scales
rPois   +          Reflect  .   Z - +4 hat "Couroliq" {rElec rPois MP-9 Int-3}
rElec   +          Harm     .   M - +3 cloak of Nabydag {rPois Will+}
rCorr   .          Rampage  .   Q - +2 pair of gloves
Will    +++..      Rage     1%  z - +0 pair of boots of Gehenna {Dex+6}
Stlth   ..........              T - amulet of regeneration {magic mapping}
HPRegen 1.29/turn               n - ring "Ikhiorph" {rC+ rN+ AC+4 Str+3}
MPRegen 0.12/turn               q - ring "Jekhlae" {rElec Will+ Int+2 Slay+4 Stlth-}

@: studying 2 skills, lightly drained
A: reduced essence, horns 2, retaliatory headbutt, large bone plates 1, berserk
1, clumsy 1, low MP 1, poison resistance, screaming 1, subdued magic 1,
MP-powered wands
0: Orb of Zot
}: 3/15 runes: barnacled, silver, gossamer
a: Renounce Religion, Recall Ancestor, Ancestor Identity, Transference, Idealise


You were on level 1 of the Depths.
You worshipped Hepliaklqana.
Hepliaklqana was exalted by your worship.
You visited 11 branches of the dungeon, and saw 52 of its levels.
You visited 3 bazaars.
You also visited: Sewer and Ice Cave.

You collected 5856 gold pieces.
You spent 4085 gold pieces at shops.

Inventory:

Hand Weapons
 a - a +9 executioner's axe of chaos (weapon)
 F - the +4 executioner's axe of Qingeq {spect, Int+3}
   (You acquired it on level 1 of the Realm of Zot)

   When its wielder attacks, the weapon's spirit leaps out and strikes again.
   The spirit shares a part of any damage it takes with its wielder.
   Int:       It affects your intelligence (+3).
 K - the +7 hand crossbow of Day {elec, +Blink rPois Str+4}
   (You found it on level 4 of the Depths)

   Any ammunition fired from it occasionally discharges a powerful burst of
   electricity upon striking a foe.
   Str:       It affects your strength (+4).
   rPois:     It protects you from poison.
   +Blink:    It lets you blink.
Missiles
 d - 11 silver javelins (quivered)
 r - 1059 bolts
Armour
 z - the +0 pair of boots of Gehenna (worn) {Dex+6}
   (You acquired it on level 6 of the Lair of Beasts)

   Dex:       It affects your dexterity (+6).
 J - the +17 plate armour of the End {Will++ Int+6 Dex+3}
   (You found it on level 7 of the Dungeon)

   Int:       It affects your intelligence (+6).
   Dex:       It affects your dexterity (+3).
   Will:      It greatly increases your willpower.
 L - +0 fire dragon scales (worn)
 M - the +3 cloak of Nabydag (worn) {rPois Will+}
   (You found it on level 1 of the Vaults)

   rPois:     It protects you from poison.
   Will:      It increases your willpower.
 Q - a +2 pair of gloves (worn)
 X - the +9 scales of the Dragon King {rPois rF+ rC+ Will+}
   (You found it on level 1 of the Depths)

   rF:        It protects you from fire.
   rC:        It protects you from cold.
   rPois:     It protects you from poison.
   Will:      It increases your willpower.
 Z - the +4 hat "Couroliq" (worn) {rElec rPois MP-9 Int-3}
   (You found it on level 1 of the Depths)

   Int:       It affects your intelligence (-3).
   rElec:     It insulates you from electricity.
   rPois:     It protects you from poison.
   MP:        It affects your magic capacity (-9).
Jewellery
 n - the ring "Ikhiorph" (left hand) {rC+ rN+ AC+4 Str+3}
   (You bought it in a shop in a bazaar)

   [ring of protection]

   AC:        It affects your AC (+4).
   Str:       It affects your strength (+3).
   rC:        It protects you from cold.
   rN:        It protects you from negative energy.
 p - an amulet of faith
 q - the ring "Jekhlae" (right hand) {rElec Will+ Int+2 Slay+4 Stlth-}
   (You bought it in a shop in a bazaar)

   [ring of slaying]

   Int:       It affects your intelligence (+2).
   Slay:      It affects your accuracy & damage with ranged weapons and melee
   (+4).
   rElec:     It insulates you from electricity.
   Will:      It increases your willpower.
   Stlth:     It makes you less stealthy.
 s - the ring "Ugyir" {rCorr MP+9 Str+4}
   (You found it on level 1 of the Depths)

   [ring of magical power]

   Str:       It affects your strength (+4).
   MP:        It affects your magic capacity (+9).
   rCorr:     It protects you from acid and corrosion.
 v - a ring of protection from fire
 w - a +6 ring of dexterity
 A - a ring of see invisible
 B - a +4 ring of protection
 C - the amulet of the Four Winds {rN+ Will+++ Clar}
   (You found it on level 1 of the Depths)

   [amulet of nothing]

   rN:        It protects you from negative energy.
   Clar:      It protects you against confusion.
   Will:      It greatly increases your willpower.
 O - a ring of protection from fire
 T - an amulet of regeneration (around neck) {magic mapping}
 V - a ring of willpower
 W - a +4 ring of evasion
Wands
 f - a wand of iceblast (12)
 y - a wand of flame (50)
 I - a wand of acid (26)
 P - a wand of mindburst (21)
 S - a wand of paralysis (24)
Scrolls
 g - 3 scrolls of holy word {holy word}
 i - 32 scrolls of identify {identify}
 j - a scroll of enchant weapon
 k - 9 scrolls of teleportation {teleport}
 l - 7 scrolls of immolation {immolation}
 E - 6 scrolls of fog
 H - 4 scrolls of blinking {blinking}
 R - 7 scrolls of fear {fear}
 Y - 4 scrolls of magic mapping {magic mapping}
Potions
 b - a potion of heal wounds
 c - a potion of haste
 e - 2 potions of berserk rage {berserk rage, unknown}
 h - 8 potions of ambrosia {ambrosia}
 m - 14 potions of curing {curing}
 o - 2 potions of might
 t - 2 potions of resistance
 u - 7 potions of flight {flight}
 G - 2 potions of invisibility
 N - a potion of cancellation
 U - 6 potions of mutation {mutation}
Miscellaneous
 x - a condenser vane
 D - a phial of floods


   Skills:
 O Level 27 Fighting
 - Level 24.0 Axes
 + Level 18.4 Crossbows
 O Level 27 Armour
 O Level 27 Dodging
 - Level 10.6 Shields


You had 24 spell levels left.
You knew the following spells:

 Your Spells              Type           Power      Damage    Failure   Level
a - Beastly Appendage     Tmut           0%         N/A       56%         1

Your spell library contained the following spells:

 Spells                   Type           Power      Damage    Failure   Level
 Foxfire                  Conj/Fire      0%         2x1d4     56%         1
 Freeze                   Ice            0%         1d3       56%         1
 Magic Dart               Conj           0%         1d3       56%         1
 Sandblast                Erth           0%         2d4       56%         1
 Sting                    Tmut/Pois      0%         1d3       56%         1
 Summon Small Mammal      Summ           0%         N/A       56%         1
 Blink                    Tloc           0%         N/A       71%         2
 Ensorcelled Hibernation  Hex/Ice        0%         N/A       71%         2
 Passwall                 Tmut/Erth      0%         N/A       71%         2
 Poisonous Vapours        Pois/Air       0%         N/A       71%         2
 Scorch                   Fire           0%         2d5       71%         2
 Static Discharge         Conj/Air       0%         N/A       71%         2
 Sublimation of Blood     Necr           0%         N/A       71%         2
 Wereblood                Tmut           0%         N/A       71%         2
 Call Canine Familiar     Summ           0%         N/A       91%         3
 Conjure Flame            Conj/Fire      0%         6-21      91%         3
 Frozen Ramparts          Ice            0%         1d2       91%         3
 Gell's Gravitas          Tloc           0%         N/A       91%         3
 Ignite Poison            Fire/Tmut/Pois 0%         N/A       91%         3
 Inner Flame              Hex/Fire       0%         N/A       91%         3
 Lesser Beckoning         Tloc           0%         N/A       91%         3
 Mephitic Cloud           Conj/Pois/Air  0%         N/A       91%         3
 Ozocubu's Armour         Ice            0%         N/A       91%         3
 Portal Projectile        Hex/Tloc       0%         N/A       91%         3
 Spider Form              Tmut/Pois      0%         N/A       91%         3
 Stone Arrow              Conj/Erth      0%         3d7       91%         3
 Summon Guardian Golem    Hex/Summ       0%         N/A       91%         3
 Teleport Other           Tloc           0%         N/A       91%         3
 Tukima's Dance           Hex            0%         N/A       91%         3
 Airstrike                Air            0%         N/A       100%        4
 Anguish                  Hex/Necr       0%         N/A       100%        4
 Animate Armour           Summ/Erth      0%         N/A       100%        4
 Flame Wave               Conj/Fire      0%         2d4       100%        4
 Fulminant Prism          Conj/Hex       0%         3d6       100%        4
 Hailstorm                Conj/Ice       0%         3d3       100%        4
 Ice Form                 Ice/Tmut       0%         N/A       100%        4
 Iskenderun's Mystic Bla  Conj/Tloc      0%         2d3       100%        4
 Leda's Liquefaction      Hex/Erth       0%         N/A       100%        4
 Olgreb's Toxic Radiance  Pois           0%         N/A       100%        4
 Passage of Golubria      Tloc           0%         N/A       100%        4
 Petrify                  Tmut/Erth      0%         N/A       100%        4
 Sticky Flame             Conj/Fire      0%         2d3       100%        4
 Summon Ice Beast         Ice/Summ       0%         N/A       100%        4
 Summon Lightning Spire   Summ/Air       0%         N/A       100%        4
 Borgnjor's Vile Clutch   Necr/Erth      0%         N/A       100%        5
 Fireball                 Conj/Fire      0%         3d3       100%        5
 Freezing Cloud           Conj/Ice/Air   0%         6-21      100%        5
 Lee's Rapid Deconstruct  Erth           0%         3d5*      100%        5
 Lightning Bolt           Conj/Air       0%         1d11      100%        5
 Manifold Assault         Tloc           0%         N/A       100%        5
 Metabolic Englaciation   Hex/Ice        0%         N/A       100%        5
 Summon Mana Viper        Hex/Summ       0%         N/A       100%        5
 Yara's Violent Unravell  Hex/Tmut       0%         3d3       100%        5
 Conjure Ball Lightning   Conj/Air       0%         3x3d6     100%        6
 Death Channel            Necr           0%         N/A       100%        6
 Simulacrum               Ice/Necr       0%         N/A       100%        6
 Starburst                Conj/Fire      0%         6d3       100%        6
 Statue Form              Tmut/Erth      0%         N/A       100%        6
 Summon Cactus Giant      Summ           0%         N/A       100%        6
 Enfeeble                 Hex            0%         N/A       100%        7
 Monstrous Menagerie      Summ           0%         N/A       100%        7
 Orb of Destruction       Conj           0%         9d5       100%        7
 Spellforged Servitor     Conj/Summ      0%         N/A       100%        7
 Storm Form               Tmut/Air       0%         N/A       100%        7
 Summon Hydra             Summ           0%         N/A       100%        7
 Borgnjor's Revivificati  Necr           0%         N/A       100%        8
 Ignition                 Fire           0%         3d3       100%        8
 Lehudib's Crystal Spear  Conj/Erth      0%         10d2      100%        8
 Necromutation            Tmut/Necr      0%         N/A       100%        8
 Death's Door             Necr           0%         N/A       100%        9


Dungeon Overview and Level Annotations

Branches:
Dungeon (15/15)            Temple (1/1) D:7            Lair (6/6) D:8
 Shoals (4/4) Lair:4       Spider (4/4) Lair:2        Slime (4/5) Lair:5
    Orc (2/2) D:9             Elf (2/3) Orc:2        Vaults (5/5) D:14
  Crypt (0/3) Vaults:3     Depths (4/4) D:15            Zot (5/5) Depths:4
  Sewer (visited)           IceCv (visited)

Altars:
Ashenzari
Cheibriados
Elyvilon
Hepliaklqana
Kikubaaqudgha
Makhleb
Nemelex Xobeh
Uskayaw
Vehumet
The Shining One
Beogh

Shops:
D:6 **   D:9 (   Orc:1 *   Orc:2 (*[!   Vaults:1 (   Vaults:2 (!   Depths:4 :=:

Portals:
Hell: Depths:1 Depths:2 Depths:3 Depths:4
Abyss: Depths:1 Depths:2 Depths:3
Pandemonium: Depths:2
Ziggurat: Depths:2


Innate Abilities, Weirdness & Mutations

Your life essence is reduced to manifest your ancestor. (-10% HP)
You have a pair of horns on your head.
You reflexively headbutt those who attack you in melee.
You are partially covered in large bone plates. (SH +4)
You tend to lose your temper in combat.
You are clumsy. (Dex -2)
Your magical capacity is low. (-10% MP)
Your system is resistant to poisons. (rPois)
You occasionally shout uncontrollably at your foes.
Your spells are a little easier to cast, but a little less powerful.
You expend magic power (3 MP) to strengthen your wands.


Message History

You completely miss the reaper. You closely miss the reaper.
You hit the reaper.
The reaper is lightly wounded.
The reaper completely misses you.
You slice the reaper!! You burn the reaper! You headbutt the reaper!
The reaper is severely wounded.
You slice the reaper!! You burn the reaper.
You kill the reaper!
You see here a +2 scythe of venom.
You feel a strong urge to attack something.
You are no longer berserk.
You are exhausted.
You feel yourself slow down.
You feel yourself speed up.
A Tzitzimitl comes into view.
You feel a little less mighty now.
You recover from your berserk rage.
The Tzitzimitl calls on the powers of darkness!
Your body is wracked with pain!
The Tzitzimitl gestures at you. The bolt of negative energy misses you.
A Hell Sentinel comes into view.
The Hell Sentinel moves out of view.
The Tzitzimitl gestures at you. The bolt of negative energy hits you.
You partially resist.
You feel drained. The Tzitzimitl gestures at you.
The bolt of negative energy misses you.
A hellion comes into view.
The Hell Sentinel gestures at you.
The sphere of damnation explodes!
The damnation engulfs you!! The Hell Sentinel gestures at you.
The sphere of damnation explodes!
The damnation engulfs you!!!
* * * LOW HITPOINT WARNING * * *
The hellion gestures at you.
The sphere of damnation explodes!
The damnation engulfs you!
* * * LOW HITPOINT WARNING * * *
The Hell Sentinel gestures at you.
The sphere of damnation explodes!
The damnation engulfs you!!
You die...

###.#.###....####.#.............#
#.###..#......# ####11.........##
....##.......####...............#
##...#......###..#..2#..........#
##..[.#......###.##.##.........##
......#........#....###.......##
..)...........................###
................................#
................@................
..............................∩..
.................................
...................#...^.#..####.
...................#....##.#.###.
......#....##.....##.....#....###
.###..#.....#..........#....#####
.# #..................#......##..
## ##.#.......#...#####.........#


You could see a Hell Sentinel, a Tzitzimitl and a hellion.

Vanquished Creatures
  Dissolution (Slime:2)
  2 dread liches
  8 orbs of fire
  3 ancient liches
  Mennas (Vaults:2)
  A juggernaut (Depths:3)
  Boris (Vaults:3)
  3 Killer Klowns (Zot:5)
  The ghost of mantisjm the Hoplite, a veteran HOFi of Qazlal (Vaults:1)
  2 curse toes
  10 golden dragons
  A caustic shrike (Depths:4)
  Nikola (Vaults:1)
  3 electric golems
  Arachne (Spider:2)
  16 tentacled monstrosities
  Rupert (D:13)
  5 liches
  13 Orb Guardians
  3 titans
  8 quicksilver dragons
  4 sphinxes
  A walking divine tome (Depths:1)
  Polyphemus (Shoals:4)
  8 death cobs
  Agnes (Spider:2)
  11 acid blobs
  Frances (Spider:2)
  9 tengu reavers
  A kraken (Shoals:1)
  6 shadow dragons
  Roxanne (D:14)
  Ilsuiw (Shoals:2)
  5 rockslimes
  20 storm dragons
  A draconian knight (Zot:1)
  6 frost giants
  10 fire giants
  A ghost moth (shapeshifter) (Vaults:5)
  An iron dragon (Depths:4)
  3 azure jellies (IceCv)
  3 draconian monks
  7 ghost moths
  4 draconian scorchers
  9 vault wardens
  A balrug (Depths:1)
  3 draconian shifters (Zot:2)
  3 deep elf sorcerers
  Aizul (Spider:3)
  3 emperor scorpions
  Louise (D:14)
  A spriggan defender (Depths:1)
  5 war gargoyles
  3 draconian stormcallers
  16 ironbound preservers
  3 broodmothers
  2 caustic shrike skeletons
  6 draconian annihilators
  A reaper (Depths:1)
  13 stone giants
  4 quicksilver oozes (IceCv)
  15 very ugly things
  6 ironbound thunderhulks
  2 vampire knights
  6 green draconians
  2 deep elf demonologists
  5 black draconians
  6 white draconians
  5 red draconians
  6 spark wasps
  8 entropy weavers
  7 purple draconians
  16 yellow draconians
  A minotaur (Lair:1)
  3 crystal guardians
  9 dire elephants
  A deep elf death mage (Vaults:5)
  An ettin (shapeshifter) (Vaults:5)
  9 ettins
  5 merfolk impalers
  3 fire dragons
  3 merfolk javelineers
  12 yaktaur captains
  27 vault guards
  The ghost of styxcanada the Unseen, a journeyman SpBr of Gozag (Lair:1)
  3 deep elf high priests
  A hydra (shapeshifter) (Vaults:4)
  7 hydras
  6 great orbs of eyes
  2 peacekeepers (Vaults:2)
  3 merfolk avatars
  2 catoblepae
  A boulder beetle (shapeshifter) (Vaults:4)
  A salamander tyrant (Depths:4)
  3 spriggan air magi (Depths:1)
  A caustic shrike simulacrum (Depths:3)
  4 satyrs
  3 jorogumos
  5 two-headed ogres
  2 quicksilver dragon skeletons (Depths:2)
  2 spriggan skeletons (Depths:2)
  An ogre mage (Vaults:4)
  8 merfolk aquamancers
  5 ice dragons
  A radroach (Spider:3)
  24 dancing weapons
  4 boulder beetles
  7 centaur warriors
  10 ironbound frosthearts
  A vampire mage (Depths:1)
  4 deep troll earth magi
  8 hell hogs
  2 deep troll shamans
  5 death yaks
  4 orc high priests
  A titan zombie (Depths:3)
  Urug (D:14)
  A sun demon (Depths:1)
  A spriggan berserker (Depths:1)
  14 deep elf knights
  6 hell knights
  8 pharaoh ants
  A storm dragon skeleton (Depths:2)
  14 skeletal warriors
  The ghost of Kazon the Cutter, a novice VSFi of Okawaru (D:8)
  3 iron trolls
  A sun moth (Spider:3)
  10 sea snakes
  A flayed ghost (Depths:3)
  3 steelbarb worms
  7 orb spiders
  A salamander mystic (Depths:4)
  A glowing orange brain (Depths:4)
  3 orange crystal statues (IceCv)
  17 ironbound convokers
  A lindwurm (shapeshifter) (D:15)
  Pikel (D:5)
  An obsidian statue (Zot:5)
  A golden dragon skeleton (Depths:2)
  8 wizards
  38 deep trolls
  10 deep elf archers
  8 necromancers
  3 phantasmal warriors
  4 tengu skeletons
  15 harpies
  24 deep elf zephyrmancers
  25 wolf spiders
  11 fauns
  20 deep elf pyromancers
  3 oklob plants (Zot:1)
  35 ugly things
  4 orc knights
  14 manticores
  6 orc sorcerers
  A shining eye (Slime:2)
  A salamander (Depths:4)
  5 cyclopes
  A sphinx skeleton (Depths:2)
  2 iron dragon skeletons
  74 slime creatures
  2 elephants (Lair:3)
  24 moths of wrath
  6 merfolk sirens
  A stone giant skeleton (Vaults:3)
  15 vault sentinels
  3 black mambas
  A guardian serpent (shapeshifter) (Vaults:5)
  An ice statue (Vaults:2)
  A frost giant skeleton (Depths:2)
  3 fire giant skeletons
  3 water nymphs
  Maggie (D:7)
  3 torpor snails
  3 gargoyles
  8 komodo dragons
  9 demonic crawlers
  3 unseen horrors
  6 cane toads
  20 yaktaurs
  A tormentor (Depths:3)
  An efreet (D:14)
  4 tengu conjurers
  2 freezing wraiths
  A very ugly thing simulacrum (IceCv)
  6 trolls
  2 entropy weaver simulacra (IceCv)
  14 meliai
  A yaktaur skeleton (Vaults:4)
  2 polar bears
  2 wind drakes
  A wind drake (shapeshifter) (D:14)
  26 merfolk
  5 hornets
  7 blink frogs
  24 tarantellas
  A blink frog (shapeshifter) (Vaults:5)
  A dream sheep (shapeshifter) (Vaults:5)
  11 snapping turtles
  6 dream sheep (Lair:6)
  13 flying skulls (Depths:2)
  3 large abominations (Depths:3)
  19 culicivoras
  21 jumping spiders
  A vampire (D:12)
  A spriggan (Lair:2)
  2 wyverns
  A fire elemental (Elf:1)
  5 wraiths
  A shadow (D:9)
  3 ettin skeletons (Vaults:3)
  A golden eye (shapeshifter) (Elf:2)
  13 water elementals
  34 yaks
  7 small abominations (Depths:3)
  Grum (D:9)
  16 humans
  A hog (D:15)
  3 steam dragons
  A chaos spawn (Depths:3)
  4 golden eyes
  53 redbacks
  2 basilisks
  2 vampire mosquitoes
  Menkaure (D:5)
  2 wargs
  A swamp worm (shapeshifter) (Depths:3)
  2 acid dragons
  Duvessa (D:7)
  14 water moccasins
  10 demonic crawler simulacra (IceCv)
  3 human skeletons
  An ogre skeleton (Vaults:4)
  2 sky beasts
  16 orc warriors
  An ogre (shapeshifter) (Elf:2)
  3 ugly thing simulacra (IceCv)
  5 black bears
  9 ogres
  A hornet zombie (D:8)
  10 wolves
  A necrophage (D:6)
  10 centaurs
  3 phantoms
  2 kobold brigands
  A human zombie (Vaults:4)
  16 bullfrogs
  An earth elemental (Elf:1)
  3 scorpions
  A wyvern zombie (D:7)
  2 gnoll sergeants (D:9)
  A wyvern skeleton (D:6)
  Dowan (D:7)
  2 water moccasin skeletons (D:6)
  7 killer bees
  A troll zombie (D:9)
  An electric eel (D:7)
  3 howler monkeys (D:10)
  4 centaur zombies
  A bullfrog zombie (D:6)
  2 lava snakes (D:7)
  15 hounds
  15 jellies
  A centaur skeleton (D:7)
  2 gnoll shamans (D:9)
  13 orc priests
  Crazy Yiuf (D:7)
  2 bullfrog skeletons
  5 iguanas
  Ijyb (D:5)
  A lightning spire (Zot:4)
  11 orc wizards
  A killer bee zombie (D:9)
  5 ogre zombies (D:9)
  21 gnolls
  3 adders
  2 river rats (D:5)
  3 shadow imps
  A white imp (D:5)
  An ufetubus (D:6)
  2 adder skeletons (D:4)
  A worm (D:2)
  2 dart slugs
  48 orcs
  8 ball pythons
  12 endoplasms
  8 goblins
  3 hobgoblins
  13 jackals
  3 quokkas
  A bat (shapeshifter) (Vaults:5)
  12 bats
  3 frilled lizards
  A goblin skeleton (D:9)
  2 goblin zombies (D:9)
  6 hobgoblin zombies (D:9)
  11 kobolds
  An orc skeleton (D:9)
  9 orc zombies (D:9)
  2 rats (D:2)
  A tentacle (Shoals:1)
1803 creatures vanquished.

Vanquished Creatures (collateral kills)
  2 dread liches
  An ancient lich (Vaults:5)
  Mara (Spider:4)
  An orb of fire (Zot:5)
  Sojobo (Depths:1)
  5 caustic shrikes
  The ghost of Caat Rau the Warrior, an adept DgCj (Depths:1)
  A bone dragon (Depths:4)
  An electric golem (Zot:4)
  Jorgrun (Spider:2)
  5 tentacled monstrosities
  A walking crystal tome (Depths:3)
  A lich (Depths:2)
  12 Orb Guardians
  A quicksilver dragon (Zot:1)
  4 acid blobs
  A death cob (Zot:1)
  Kirke (D:15)
  A sphinx (Depths:3)
  3 tengu reavers
  A draconian monk (Zot:4)
  2 storm dragons (Zot:1)
  An azure jelly (Slime:4)
  A rockslime (Slime:2)
  2 fire giants
  The ghost of pkoi the Brawler, a journeyman DrMo of Sif Muna (Spider:1)
  A frost giant (Depths:4)
  A draconian shifter (Zot:5)
  3 ghost moths
  A draconian scorcher (Zot:5)
  A vault warden (Vaults:5)
  3 ironbound preservers
  2 draconian annihilators (Zot:1)
  A draconian stormcaller (Zot:1)
  4 stone giants
  2 very ugly things
  3 ironbound thunderhulks
  2 black draconians (Zot:1)
  A green draconian (Zot:4)
  A dire elephant (Vaults:3)
  6 yellow draconians
  A purple draconian (Zot:4)
  5 white draconians
  2 merfolk javelineers (Shoals:4)
  2 merfolk impalers
  3 jiangshi (Depths:3)
  2 fire dragons (Depths:1)
  A yaktaur captain (Vaults:4)
  An ettin (Depths:2)
  2 deep elf high priests
  A great orb of eyes (Slime:2)
  2 ice dragons (Depths:4)
  A rakshasa (Depths:3)
  2 hydras
  A peacekeeper (Vaults:3)
  5 centaur warriors
  An ogre mage (D:15)
  3 merfolk aquamancers (Shoals:4)
  An alligator snapping turtle (Shoals:4)
  A merfolk avatar (Lair:6)
  A two-headed ogre (D:15)
  A death knight (D:12)
  5 dancing weapons
  4 tengu warriors (D:15)
  9 slime creatures
  A satyr (shapeshifter) (Depths:1)
  3 deep elf knights
  A vampire mage (Depths:3)
  A titan skeleton (Depths:2)
  A hell knight (Depths:2)
  9 skeletal warriors
  A pharaoh ant (Spider:4)
  A sea snake (Lair:6)
  A storm dragon skeleton (Depths:2)
  An orb spider (Spider:2)
  3 deep elf archers
  A steelbarb worm (Spider:1)
  11 deep trolls
  2 wizards
  An ironbound convoker (Vaults:4)
  A golden dragon skeleton (Depths:2)
  A phantasmal warrior (Depths:4)
  5 deep elf zephyrmancers
  8 harpies
  5 deep elf pyromancers
  4 shining eyes
  A tengu skeleton (Depths:2)
  An orc knight (Orc:2)
  2 oklob plants (Zot:1)
  4 orc sorcerers
  2 wolf spiders (Spider:4)
  A sphinx skeleton (Depths:2)
  A salamander (Depths:4)
  10 ugly things
  2 cyclopes
  7 manticores
  3 fauns
  2 elephants
  2 vault sentinels
  4 merfolk sirens
  A frost giant skeleton (Depths:2)
  An iron dragon skeleton (Depths:2)
  7 cane toads
  2 elf skeletons (Vaults:3)
  2 black mambas
  An eye of devastation (Slime:2)
  A torpor snail (Spider:2)
  4 rime drakes
  3 unseen horrors
  5 demonic crawlers
  A freezing wraith (D:11)
  A very ugly thing simulacrum (IceCv)
  3 yaktaurs
  12 merfolk
  4 meliai
  A queen bee (D:11)
  2 trolls (Orc:2)
  A hornet (Spider:4)
  4 blink frogs
  2 wind drakes
  A polar bear (Lair:5)
  A tengu simulacrum (Depths:3)
  A hornet (shapeshifter) (D:15)
  5 tarantellas
  4 snapping turtles
  3 dream sheep
  7 jumping spiders
  A spriggan skeleton (Depths:2)
  7 culicivoras
  A shadow (D:12)
  An air elemental (Elf:2)
  A flying skull (Depths:2)
  5 water elementals
  3 basilisks
  3 yaks (Lair:6)
  A basilisk (shapeshifter) (D:14)
  A golden eye (Slime:4)
  3 vampire mosquitoes
  8 redbacks
  5 water moccasins
  2 ugly thing simulacra (IceCv)
  An ogre (Orc:2)
  2 orc warriors (Orc:2)
  2 centaurs (D:12)
  A small abomination (Depths:3)
  4 wolves (Lair:3)
  A battlemage (IceCv)
  3 bullfrogs
  3 killer bees (D:11)
  An electric eel (Spider:4)
  A jelly (Zot:1)
  An orc priest (Orc:1)
  7 orc wizards
  6 orcs
401 creatures vanquished.

Vanquished Creatures (others)
  A draconian knight (Zot:2)
  A deep elf annihilator (Elf:1)
  A white draconian (Zot:2)
  A yaktaur captain (Vaults:1)
  A deep elf knight (Elf:2)
  A deep elf archer (Elf:2)
  2 harpies (Shoals:4)
  A deep elf zephyrmancer (Elf:2)
  A wizard (Vaults:2)
  A deep elf pyromancer (Elf:2)
  2 moths of wrath
  2 yaktaurs (Vaults:1)
  A water elemental (Shoals:4)
  A basilisk (shapeshifter) (Depths:1)
  69 battlemagi
  An ancestor (Lair:2)
  63 fungi
  127 plants
  16 tentacles (Shoals:1)
293 creatures vanquished.

Grand Total: 2497 creatures vanquished

Notes
Turn   | Place    | Note
-------+----------+-------------------------------------------
     0 | D:1      | croobank the Minotaur Fighter began the quest for the Orb.
     0 | D:1      | Reached XP level 1. HP: 19/19 MP: 0/0
   218 | D:1      | Reached XP level 2. HP: 23/27 MP: 1/1
  1196 | D:2      | Reached XP level 3. HP: 31/33 MP: 2/2
  1519 | D:3      | Reached XP level 4. HP: 40/41 MP: 3/3
  1825 | D:3      | You fall into a shaft and drop 3 floors!
  1835 | D:6      | Reached XP level 5. HP: 31/47 MP: 4/4
  1941 | D:5      | Entered Level 5 of the Dungeon
  1983 | D:5      | Noticed Ijyb
  1994 | D:5      | Killed Ijyb
  2094 | D:5      | Found a glowing drain.
  2099 | D:5      | Reached skill level 5 in Armour
  2106 | D:5      | Reached skill level 5 in Fighting
  2110 | D:5      | Reached skill level 5 in Shields
  2111 | D:5      | Noticed an ogre
  2116 | D:5      | Killed an ogre
  2117 | D:5      | Reached XP level 6. HP: 54/56 MP: 5/5
  2123 | D:5      | Noticed a water moccasin
  2131 | D:5      | Killed a water moccasin
  2342 | Sewer    | Entered a sewer
  2406 | Sewer    | Noticed a water moccasin
  2419 | Sewer    | Killed a water moccasin
  2420 | Sewer    | Reached XP level 7. HP: 16/62 MP: 6/6
  2716 | D:5      | Noticed Menkaure
  2724 | D:5      | Killed Menkaure
  2725 | D:5      | Reached skill level 5 in Axes
  3450 | D:4      | Reached XP level 8. HP: 69/71 MP: 7/7
  4326 | D:5      | Noticed Pikel
  4345 | D:5      | Killed Pikel
  4618 | D:6      | Found a white marble altar of Elyvilon.
  4814 | D:5      | Reached XP level 9. HP: 57/81 MP: 8/8
  5287 | D:6      | Killed an unseen horror
  5302 | D:6      | Killed an unseen horror
  5815 | D:6      | Learned a level 1 spell: Beastly Appendage
  6031 | D:6      | Identified the +1 hunting sling of Fear {vorpal, +Blink
                  | rElec MP-9 SInv}
  6260 | D:6      | Found Repp's General Store.
  6265 | D:6      | Found Koociuz's Specific Store.
  6404 | D:7      | Noticed a gargoyle
  6867 | D:7      | Killed a gargoyle
  6868 | D:7      | Reached XP level 10. HP: 34/91 MP: 9/9
  7259 | D:7      | Found a staircase to the Ecumenical Temple.
  7270 | D:7      | Identified the +17 plate armour of the End {Will++ Int+6
                  | Dex+3}
  7316 | D:7      | Noticed Duvessa
  7324 | D:7      | Noticed Dowan
  7327 | D:7      | Killed Duvessa
  7331 | D:7      | Killed Dowan
  7800 | D:7      | Found a runed translucent door.
  7801 | D:7      | Noticed Crazy Yiuf
  7808 | D:7      | Killed Crazy Yiuf
  7967 | D:7      | Noticed Maggie
  7987 | D:7      | Killed Maggie
  8292 | D:8      | Reached skill level 10 in Fighting
  8292 | D:8      | Reached skill level 10 in Armour
  8292 | D:8      | Reached skill level 10 in Shields
  8364 | D:8      | Reached skill level 10 in Axes
  8409 | D:8      | Found a staircase to the Lair.
  8526 | D:8      | Found a runed translucent door.
  8529 | D:8      | Noticed Kazon's ghost (novice VSFi)
  9263 | D:9      | Found Poivuo Komue's Weapon Emporium.
  9336 | D:6      | Bought a +4 executioner's axe of draining for 560 gold
                  | pieces
  9381 | D:9      | Noticed a four-headed hydra
  9389 | D:9      | Killed a five-headed hydra
  9413 | D:9      | Reached XP level 11. HP: 98/101 MP: 10/10
  9435 | D:9      | Found a staircase to the Orcish Mines.
  9708 | D:9      | Noticed Grum
  9713 | D:9      | Killed Grum
  9758 | D:9      | Noticed a cyan ugly thing
  9774 | D:9      | Killed a cyan ugly thing
 10221 | D:10     | Entered Level 10 of the Dungeon
 10544 | Temple   | Entered the Ecumenical Temple
 10592 | Temple   | Became a worshipper of Hepliaklqana the Forgotten
 10677 | Lair:1   | Entered Level 1 of the Lair of Beasts
 10842 | Lair:1   | Noticed a minotaur
 10843 | Lair:1   | Noticed styxcanada's ghost (journeyman SpBr)
 11192 | Lair:1   | Found a runed translucent gate.
 11193 | Lair:1   | Found a runed translucent gate.
 11194 | Lair:1   | Found a runed translucent gate.
 11732 | Lair:2   | Reached * piety under Hepliaklqana
 11738 | Lair:2   | Reached skill level 1 in Dodging
 11739 | Lair:2   | Noticed an eight-headed hydra
 11754 | Lair:2   | Killed an eight-headed hydra
 11755 | Lair:2   | Reached XP level 12. HP: 83/101 MP: 11/11
 12058 | Lair:2   | Found a hole to the Spider Nest.
 12108 | Lair:2   | Noticed a seven-headed hydra
 12117 | Lair:2   | Killed a seven-headed hydra
 12118 | Lair:2   | Reached skill level 5 in Dodging
 12525 | Lair:3   | Reached ** piety under Hepliaklqana
 12527 | Lair:3   | Remembered your ancestor Yamquzzuhalamma as a battlemage
 12675 | Lair:3   | Noticed a catoblepas
 12687 | Lair:3   | Killed a catoblepas
 13267 | Lair:4   | Found a staircase to the Shoals.
 13275 | Lair:4   | Reached skill level 10 in Dodging
 13492 | Lair:4   | Reached *** piety under Hepliaklqana
 13755 | Lair:4   | Noticed a four-headed hydra
 13761 | Lair:4   | Killed a four-headed hydra
 14073 | Lair:5   | Found a staircase to the Slime Pits.
 14111 | Lair:5   | Reached XP level 13. HP: 107/107 MP: 12/12
 14513 | Lair:6   | Entered Level 6 of the Lair of Beasts
 14546 | Lair:6   | Reached **** piety under Hepliaklqana
 14624 | Lair:6   | Found the +8 Vampire's Tooth {vamp}
 15497 | Lair:6   | Identified a scroll of acquirement
 15497 | Lair:6   | Acquired the +0 pair of boots of Gehenna {Dex+6}
 16249 | D:11     | Reached ***** piety under Hepliaklqana
 16690 | D:11     | Reached XP level 14. HP: 118/118 MP: 13/13
 17085 | Orc:1    | Entered Level 1 of the Orcish Mines
 17085 | Orc:1    | Found Wycasil's Whimsical Warehouse.
 17097 | Orc:1    | Gained mutation: You sometimes lose the ability to read
                  | scrolls when taking damage. [a neqoxec]
 17214 | Orc:1    | Bought a ring of willpower for 425 gold pieces
 17359 | Orc:2    | Entered Level 2 of the Orcish Mines
 17473 | Orc:2    | Found a staircase to the Elven Halls.
 17893 | Orc:2    | Reached skill level 15 in Axes
 17907 | Orc:2    | Found Kiwas's Distillery.
 17907 | Orc:2    | Found Epsugio's Antique Weapon Shoppe.
 17944 | Orc:2    | Found Bairch's Antique Armour Shop.
 17944 | Orc:2    | Found Cigiont's Assorted Antiques.
 18306 | Orc:2    | Bought a ruby ring for 160 gold pieces
 20070 | D:13     | Reached skill level 15 in Fighting
 20221 | D:13     | Reached ****** piety under Hepliaklqana
 20320 | D:14     | Noticed Urug
 20320 | D:14     | Noticed Rupert
 20320 | D:14     | Found a gate to the Vaults.
 20329 | D:13     | Reached skill level 15 in Armour
 20332 | D:13     | Killed Rupert
 21057 | D:14     | Killed Urug
 21288 | D:14     | Noticed Roxanne
 21305 | D:14     | Killed Roxanne
 21306 | D:14     | Reached XP level 15. HP: 126/126 MP: 14/14
 21333 | D:14     | Noticed Louise
 21349 | D:14     | Killed Louise
 21797 | D:15     | Entered Level 15 of the Dungeon
 21931 | D:15     | Found a frozen archway.
 21942 | IceCv    | Entered an ice cave
 22370 | IceCv    | Noticed an azure jelly
 22375 | IceCv    | Killed an azure jelly
 22376 | IceCv    | Found a viscous altar of Jiyva.
 22376 | IceCv    | Noticed a rockslime
 22376 | IceCv    | Noticed an azure jelly
 22376 | IceCv    | Noticed an azure jelly
 22396 | IceCv    | Killed an azure jelly
 22397 | IceCv    | Killed an azure jelly
 22399 | IceCv    | Killed a rockslime
 22507 | IceCv    | Got the Collected Works on the Snowflakes
 22576 | IceCv    | Noticed an azure jelly
 22869 | D:15     | Noticed Kirke
 22876 | D:15     | Killed Kirke
 22970 | D:15     | Reached skill level 15 in Dodging
 23053 | D:15     | Found a staircase to the Depths.
 23415 | Spider:1 | Entered Level 1 of the Spider Nest
 23517 | Spider:1 | Reached XP level 16. HP: 113/133 MP: 15/15
 23965 | Spider:1 | Found a runed translucent door.
 23968 | Spider:1 | Noticed pkoi's ghost (journeyman DrMo)
 23985 | Spider:1 | Killed pkoi's ghost
 24147 | Spider:2 | Noticed Frances
 24249 | Spider:2 | Noticed Arachne
 24268 | Spider:2 | Killed Arachne
 24274 | Spider:2 | Noticed Jorgrun
 24362 | Spider:2 | Killed Jorgrun
 24405 | Spider:2 | Noticed Agnes
 24420 | Spider:2 | Killed Agnes
 24484 | Spider:2 | Killed Frances
 24982 | Spider:3 | Noticed Aizul
 24999 | Spider:3 | Killed Aizul
 25442 | Spider:3 | Reached XP level 17. HP: 145/145 MP: 16/16
 25667 | Spider:3 | Identified the +0 robe of the Moon Troll {+Inv rF+ Will+
                  | Dex+4}
 26275 | Spider:4 | Entered Level 4 of the Spider Nest
 26275 | Spider:4 | Noticed Mara
 27175 | Spider:4 | Noticed croobank's illusion
 27180 | Spider:4 | Lost mutation: You sometimes lose the ability to read
                  | scrolls when taking damage. [potion of mutation]
 27180 | Spider:4 | Gained mutation: Armour fits poorly on your strangely
                  | shaped body. [potion of mutation]
 27180 | Spider:4 | Gained mutation: You have sharp fingernails. [potion of
                  | mutation]
 27180 | Spider:4 | Gained mutation: Your body sometimes deteriorates upon
                  | taking damage. [potion of mutation]
 27180 | Spider:4 | Gained mutation: Your muscles are strong. (Str +2) [potion
                  | of mutation]
 27180 | Spider:4 | Killed Mara
 27817 | Spider:4 | Got a gossamer rune of Zot
 28018 | Shoals:1 | Entered Level 1 of the Shoals
 28217 | Shoals:1 | Found a gateway to a bazaar.
 28223 | Bazaar   | Entered a bazaar
 28223 | Bazaar   | Found Quesmoq's Antique Weapon Shoppe.
 28223 | Bazaar   | Found Hatsof's Weapon Shoppe.
 28224 | Bazaar   | Found Ugrist's Assorted Antiques.
 28224 | Bazaar   | Found Boeqoota's Distillery.
 28242 | Bazaar   | Bought a potion of heal wounds for 60 gold pieces
 28242 | Bazaar   | Bought a potion of might for 48 gold pieces
 28242 | Bazaar   | Bought a potion of might for 48 gold pieces
 28242 | Bazaar   | Bought a potion of heal wounds for 60 gold pieces
 28242 | Bazaar   | Bought a potion of heal wounds for 60 gold pieces
 28376 | Shoals:1 | Noticed a kraken
 28509 | Shoals:1 | Lost mutation: Armour fits poorly on your strangely shaped
                  | body. [potion of mutation]
 28509 | Shoals:1 | Lost mutation: Your muscles are strong. (Str +2) [potion of
                  | mutation]
 28509 | Shoals:1 | Gained mutation: You are dopey. (Int -2) [potion of
                  | mutation]
 28509 | Shoals:1 | Gained mutation: You occasionally shout uncontrollably at
                  | your foes. [potion of mutation]
 28510 | Shoals:1 | Lost mutation: You are dopey. (Int -2) [potion of mutation]
 28510 | Shoals:1 | Lost mutation: Your body sometimes deteriorates upon taking
                  | damage. [potion of mutation]
 28510 | Shoals:1 | Gained mutation: Armour fits poorly on your strangely
                  | shaped body. [potion of mutation]
 28510 | Shoals:1 | Gained mutation: You are partially covered in iridescent
                  | scales. (AC +2) [potion of mutation]
 28793 | Shoals:1 | Killed a kraken
 29031 | Shoals:2 | Noticed Ilsuiw
 29046 | Shoals:2 | You fall into a shaft and drop 1 floor!
 29261 | Shoals:3 | Reached XP level 18. HP: 145/155 MP: 17/17
 29267 | Shoals:3 | Identified the +1 ring mail of Lugonu's Esteem {-Cast rElec
                  | rPois Regen+}
 30030 | Shoals:2 | Killed Ilsuiw
 30896 | Shoals:4 | Entered Level 4 of the Shoals
 31007 | Shoals:4 | Noticed Polyphemus
 31745 | Shoals:4 | Killed Polyphemus
 32172 | Shoals:4 | Got a barnacled rune of Zot
 32517 | Depths:1 | Entered Level 1 of the Depths
 32651 | Depths:1 | Noticed Sojobo
 32654 | Depths:1 | Paralysed by an air elemental for 1 turns
 32660 | Depths:1 | Paralysed by an air elemental for 1 turns
 32950 | Depths:1 | Noticed a golden dragon
 32955 | Depths:1 | Killed a golden dragon
 33017 | Depths:1 | Reached XP level 19. HP: 136/164 MP: 18/18
 33024 | Depths:1 | Found the amulet of the Four Winds {rN+ Will+++ Clar}
 33054 | Depths:1 | Identified the +0 ring mail of Haudosche {rF++ Int+3 Dex-3}
 33067 | Depths:1 | Identified the +1 ring mail "Veozud" {Dex+7 Slay+3}
 33083 | Depths:1 | Identified the +3 halberd "Balu" {flame, *Corrode rF- Dex+8
                  | SInv}
 33129 | Depths:1 | Found a runed translucent gate.
 33129 | Depths:1 | Found a runed translucent gate.
 33129 | Depths:1 | Found a runed translucent gate.
 33248 | Depths:1 | Identified the +7 crystal plate armour "Toch" {rC- Regen+
                  | Dex+2}
 33304 | Depths:1 | Found an ancient bone altar of Kikubaaqudgha.
 33304 | Depths:1 | Noticed Caat Rau's ghost (adept DgCj)
 33304 | Depths:1 | Found the +9 scales of the Dragon King {rPois rF+ rC+
                  | Will+}
 33304 | Depths:1 | Noticed a dread lich
 33304 | Depths:1 | Noticed an ancient lich
 33324 | Depths:1 | Killed Sojobo
 33776 | Depths:1 | Found a one-way gate to the infinite horrors of the Abyss.
 33873 | Depths:1 | Found a gateway to Hell.
 34076 | Depths:2 | Found a flickering gateway to a bazaar.
 34140 | Bazaar   | Entered a bazaar
 34146 | Bazaar   | Found Iroom's Armour Boutique.
 34168 | Bazaar   | Found Baar Dad's Antique Weapon Emporium.
 34189 | Bazaar   | Found Banen's Book Boutique.
 34209 | Bazaar   | Found Agiveck's Antique Armour Shoppe.
 34287 | Depths:2 | Found a sparkling altar of Nemelex Xobeh.
 34332 | Depths:2 | Found a one-way gate leading to the halls of Pandemonium.
 34334 | Depths:2 | Found a one-way gateway to a ziggurat.
 34860 | Depths:2 | Identified the +5 morningstar "Dedifin" {flame, rC+}
 35347 | Depths:3 | Noticed a golden dragon
 35365 | Depths:3 | Killed a golden dragon
 35454 | Depths:3 | Found a snail-covered altar of Cheibriados.
 36023 | Depths:3 | Noticed a golden dragon
 36028 | Depths:3 | Killed a golden dragon
 36042 | Depths:3 | Noticed a juggernaut
 36046 | Depths:3 | Reached XP level 20. HP: 134/175 MP: 19/19
 36059 | Depths:3 | Killed a juggernaut
 36132 | Depths:3 | Noticed a caustic shrike
 36140 | Depths:3 | Killed a caustic shrike
 36193 | Depths:3 | Got the Compendium of the Flying Snowflakes
 36438 | Depths:4 | Entered Level 4 of the Depths
 36439 | Depths:4 | Noticed a bone dragon
 36456 | Depths:4 | Killed a bone dragon
 36606 | Depths:4 | Found a gate to the Realm of Zot.
 37314 | Depths:4 | Found Feusal's Book Shop.
 37315 | Depths:4 | Found Giotem's Jewellery Emporium.
 37317 | Depths:4 | Found Wacawobo's Book Shop.
 37508 | Depths:4 | Noticed a caustic shrike
 37508 | Depths:4 | Noticed a caustic shrike
 37509 | Depths:4 | Noticed a caustic shrike
 37511 | Depths:4 | Noticed a caustic shrike
 37512 | Depths:4 | Noticed a caustic shrike
 37517 | Depths:4 | Killed a caustic shrike
 37531 | Depths:4 | Killed a caustic shrike
 37531 | Depths:4 | Killed a caustic shrike
 37534 | Depths:4 | Killed a caustic shrike
 37538 | Depths:4 | Killed a caustic shrike
 37636 | Depths:4 | Found a broken altar of Ashenzari.
 37797 | Depths:4 | Identified the +7 hand crossbow of Day {elec, +Blink rPois
                  | Str+4}
 38281 | Elf:1    | Entered Level 1 of the Elven Halls
 39183 | Elf:2    | Reached XP level 21. HP: 76/183 MP: 20/20
 39565 | Elf:2    | Found a runed translucent gate.
 39565 | Elf:2    | Found a runed translucent gate.
 39610 | Elf:2    | Found a runed translucent gate.
 39711 | Elf:2    | Paralysed by an air elemental for 1 turns
 40342 | D:6      | Bought a scroll of enchant weapon for 105 gold pieces
 41663 | Slime:1  | Entered Level 1 of the Pits of Slime
 42222 | Slime:2  | Gained mutation: You tend to lose your temper in combat. [a
                  | shining eye]
 42227 | Slime:2  | Noticed Dissolution
 42227 | Slime:2  | Gained mutation: You often lose your temper in combat. [a
                  | shining eye]
 42240 | Slime:2  | Killed Dissolution
 42787 | Slime:3  | Gained mutation: Potions are less effective at restoring
                  | your health. [a shining eye]
 43928 | Vaults:1 | Entered Level 1 of the Vaults
 43944 | Vaults:1 | Found Dyre's Weapon Boutique.
 44131 | Vaults:1 | Noticed Nikola
 44142 | Vaults:1 | Killed Nikola
 44392 | Vaults:1 | Reached XP level 22. HP: 198/198 MP: 21/21
 44884 | Vaults:1 | Identified the +3 cloak of Nabydag {rPois Will+}
 45334 | Vaults:1 | Found a runed translucent door.
 45336 | Vaults:1 | Noticed mantisjm's ghost (veteran HOFi)
 45357 | Vaults:1 | Killed mantisjm's ghost
 45740 | Vaults:2 | Found Qopiwy's Distillery.
 45827 | Vaults:2 | Noticed Mennas
 45851 | Vaults:2 | Killed Mennas
 45878 | Vaults:2 | Found Vivecs's Weapon Emporium.
 46139 | Vaults:2 | Found a gateway to a bazaar.
 46152 | Bazaar   | Entered a bazaar
 46196 | Bazaar   | Found Getumole's Magic Scroll Emporium.
 46197 | Bazaar   | Found Oxkongyi's Jewellery Emporium.
 46240 | Bazaar   | Found Bomocvesm's Armour Shoppe.
 46240 | Bazaar   | Found Cittak's Jewellery Shoppe.
 46262 | Bazaar   | Bought the ring "Ikhiorph" {rC+ rN+ AC+4 Str+3} for 665
                  | gold pieces
 46262 | Bazaar   | Bought the ring "Jekhlae" {rElec Will+ Int+2 Slay+4 Stlth-}
                  | for 1102 gold pieces
 46596 | Vaults:2 | You fall into a shaft and drop 2 floors!
 47289 | Vaults:3 | Noticed Boris
 47303 | Vaults:3 | Killed Boris
 47720 | Vaults:3 | Found a staircase to the Crypt.
 48081 | Vaults:4 | Reached XP level 23. HP: 208/208 MP: 22/22
 48968 | Vaults:5 | Entered Level 5 of the Vaults
 49122 | Vaults:5 | Identified the +12 great mace of Ququicaff {protect, rElec
                  | rCorr Dex-5 Stlth+}
 49232 | Vaults:5 | Noticed an ancient lich
 49320 | Vaults:5 | Identified the +7 halberd "Wutet" {venom, *Slow rElec rF+
                  | Str+6}
 49328 | Vaults:5 | Killed an ancient lich
 49329 | Vaults:5 | Identified the +10 scimitar of Doom {vamp, rF+ Int+5}
 49422 | Vaults:5 | Noticed a dread lich
 49682 | Vaults:5 | Killed a dread lich
 49856 | Vaults:5 | Reached XP level 24. HP: 220/220 MP: 22/22
 50094 | Vaults:5 | Got the Volume of Transmutation and Unholy Secrets
 50255 | Vaults:5 | Got a silver rune of Zot
 50396 | Vaults:5 | Got the Disquisition on Damaging Malediction
 50419 | Vaults:5 | Got the Volume of Unholy Secrets
 50545 | Vaults:5 | Noticed an ancient lich
 50553 | Vaults:5 | Killed an ancient lich
 50682 | Vaults:5 | Identified the +0 robe of Peek-a-Boo {Will+ MP+9}
 50683 | Vaults:5 | Identified the +4 long sword of the Nexus {vamp, Will+
                  | Int+2 Stlth+}
 50866 | Vaults:5 | Noticed a dread lich
 50876 | Vaults:5 | Killed a dread lich
 51034 | Vaults:5 | Identified the +8 chain mail "Kicruhab" {Fly rPois Str-4}
 51375 | Zot:1    | Entered Level 1 of the Realm of Zot
 51810 | Zot:1    | Reached skill level 27 in Fighting
 51810 | Zot:1    | Reached skill level 27 in Armour
 52423 | Zot:1    | Acquired the +4 executioner's axe of Qingeq {spect, Int+3}
 52841 | Depths:1 | Killed a dread lich
 52846 | Depths:1 | Killed Caat Rau's ghost
 52850 | Depths:1 | Killed an ancient lich
 52864 | Depths:1 | Identified the ring "Ugyir" {rCorr MP+9 Str+4}
 52874 | Depths:1 | Identified the +4 hat "Couroliq" {rElec rPois MP-9 Int-3}
 53085 | D:8      | Killed Kazon's ghost
 53176 | Lair:1   | Killed styxcanada's ghost
 53993 | Zot:2    | Reached XP level 25. HP: 190/231 MP: 22/22
 54201 | Zot:2    | Reached skill level 27 in Dodging
 54202 | Zot:2    | Reached skill level 1 in Crossbows
 54218 | Zot:2    | Noticed an orb of fire
 54229 | Zot:2    | Gained mutation: You have an uncontrollable temper. [an orb
                  | of fire]
 54231 | Zot:2    | Killed an orb of fire
 54607 | Zot:2    | Reached skill level 5 in Crossbows
 55675 | Zot:4    | Noticed an orb of fire
 55690 | Zot:4    | Killed an orb of fire
 55813 | Zot:4    | Reached skill level 10 in Crossbows
 56704 | Vaults:2 | Bought a potion of haste for 180 gold pieces
 56704 | Vaults:2 | Bought a potion of haste for 180 gold pieces
 56704 | Vaults:2 | Bought a potion of might for 72 gold pieces
 56704 | Vaults:2 | Bought a potion of heal wounds for 90 gold pieces
 56704 | Vaults:2 | Bought a potion of heal wounds for 90 gold pieces
 56704 | Vaults:2 | Bought a potion of haste for 180 gold pieces
 57015 | Zot:5    | Entered Level 5 of the Realm of Zot
 57174 | Zot:5    | Noticed a dread lich
 57182 | Zot:5    | Killed a dread lich
 57260 | Zot:5    | Noticed an orb of fire
 57267 | Zot:5    | Noticed an ancient lich
 57268 | Zot:5    | Gained mutation: You are dopey. (Int -2) [an orb of fire]
 57269 | Zot:5    | Killed an orb of fire
 57269 | Zot:5    | Noticed an orb of fire
 57271 | Zot:5    | Gained mutation: You are occasionally teleported next to
                  | monsters. [an orb of fire]
 57274 | Zot:5    | Noticed a Killer Klown
 57275 | Zot:5    | HP: 8/231 [something/crystal spear (96)]
 57276 | Zot:5    | Killed an orb of fire
 57462 | Zot:4    | Lost mutation: You are partially covered in iridescent
                  | scales. (AC +2) [potion of mutation]
 57462 | Zot:4    | Lost mutation: You have sharp fingernails. [potion of
                  | mutation]
 57462 | Zot:4    | Gained mutation: You frequently scream uncontrollably at
                  | your foes. [potion of mutation]
 57462 | Zot:4    | Gained mutation: You are partially covered in large bone
                  | plates. (SH +4) [potion of mutation]
 57462 | Zot:4    | Gained mutation: You are mostly covered in large bone
                  | plates. (SH +6) [potion of mutation]
 57463 | Zot:4    | Lost mutation: Armour fits poorly on your strangely shaped
                  | body. [potion of mutation]
 57463 | Zot:4    | Lost mutation: You frequently scream uncontrollably at your
                  | foes. [potion of mutation]
 57463 | Zot:4    | Lost mutation: You have an uncontrollable temper. [potion
                  | of mutation]
 57463 | Zot:4    | Gained mutation: You have a somewhat thin skeletal
                  | structure. (Dex +2, Stealth+) [potion of mutation]
 57464 | Zot:4    | Lost mutation: You are occasionally teleported next to
                  | monsters. [potion of mutation]
 57464 | Zot:4    | Lost mutation: You have a somewhat thin skeletal structure.
                  | (Dex +2, Stealth+) [potion of mutation]
 57464 | Zot:4    | Lost mutation: You are mostly covered in large bone plates.
                  | (SH +6) [potion of mutation]
 57464 | Zot:4    | Lost mutation: You are dopey. (Int -2) [potion of mutation]
 57464 | Zot:4    | Gained mutation: Your magical capacity is low. (-10% MP)
                  | [potion of mutation]
 57465 | Zot:4    | Lost mutation: You often lose your temper in combat.
                  | [potion of mutation]
 57465 | Zot:4    | Lost mutation: Potions are less effective at restoring your
                  | health. [potion of mutation]
 57465 | Zot:4    | Gained mutation: You expend magic power (3 MP) to
                  | strengthen your wands. [potion of mutation]
 57465 | Zot:4    | Gained mutation: Your system is resistant to poisons.
                  | (rPois) [potion of mutation]
 57482 | Zot:5    | Killed a Killer Klown
 57652 | Zot:5    | Noticed an orb of fire
 57655 | Zot:5    | Noticed an orb of fire
 57663 | Zot:5    | Gained mutation: Your magical capacity is very low. (-20%
                  | MP) [an orb of fire]
 57664 | Zot:5    | Noticed an orb of fire
 57668 | Zot:5    | Killed an orb of fire
 57669 | Zot:5    | Reached skill level 15 in Crossbows
 57670 | Zot:5    | Lost mutation: Your magical capacity is very low. (-20% MP)
                  | [an orb of fire]
 57683 | Zot:5    | Gained mutation: Your spells are a little easier to cast,
                  | but a little less powerful. [an orb of fire]
 57691 | Zot:5    | Killed an orb of fire
 57691 | Zot:5    | Killed an orb of fire
 57739 | Zot:5    | Reached XP level 26. HP: 170/239 MP: 10/19
 57943 | Zot:5    | Noticed an orb of fire
 57952 | Zot:5    | Gained mutation: You are clumsy. (Dex -2) [an orb of fire]
 57953 | Zot:5    | Killed an orb of fire
 58036 | Zot:5    | Killed an ancient lich
 58096 | Zot:5    | Noticed an orb of fire
 58097 | Zot:5    | Got the Orb of Zot
 58108 | Zot:5    | Killed an orb of fire
 58240 | Zot:2    | Noticed a seraph
 58320 | Depths:3 | Noticed Ushreon the pandemonium lord
 58457 | Depths:1 | Killed from afar by a Hell Sentinel

Illustrated notes

Levels and vault maps discovered:
D:1:      onia_arrival_mini_maze_b, layout_basic, bh_walls_and_bars
D:2:      layout_basic, serial_glass, glass_columns_c, glass_columns_b,
          nrook_campfire, minmay_tripent
D:3:      layout_basic, minmay_misc_feat_encased
D:4:      layout_cave_pools
D:5:      layout_basic, cheibrodos_sewer_entry_sluice, uniq_ijyb, uniq_pikel,
          uniq_menkaure
D:6:      cheibrodos_fzero, layout_basic, mainiacjoe_overflow_tiny_flanked,
          nicolae_specific_store, minmay_starry_boxes
D:7:      layout_loops_ring, temple_pool_b, minivault_4, grunt_decor_junction,
          uniq_crazy_yiuf_cottage, uniq_maggie, uniq_duvessa
D:8:      layout_basic, due_lair_maze_entry_diamond,
          hellmonk_ghost_happy_afterlife, hangedman_decor_diamond_cutter
D:9:      layout_big_octagon, zombieorc1_lemuel, serial_gnoll_camp,
          grums_kennel, gnoll_camp_mini_shop, gnoll_camp_mini_basic,
          gnoll_camp_mini_doghouse, gnoll_camp_huts_basic,
          gnoll_camp_mini_loothouse
D:10:     layout_loops_ring
D:11:     layout_long_grid, nicolae_looking_at_the_future
D:12:     layout_gridville
D:13:     layout_roguey
D:14:     layout_loops_ring, david_vaults_3, minmay_diced_spiral, uniq_roxanne,
          uniq_louise
D:15:     grunt_enter_depths_snipers, layout_basic,
          portal_ice_cave_entry_pillars_three, serial_park_fountain,
          hangedman_decor_clover_reticule, uniq_kirke
Temple:   mainiacjoe_temple_hex_bubbles
Lair:1:   layout_cave_pods, enter_volcano_4, maelrawn_ghost_gauntlet_escape
Lair:2:   layout_chaotic_city, spider_nest_entry_a,
          grunt_forest_stairs_clearing, serial_bayou_shore_a
Lair:3:   layout_hall_layers, special_room
Lair:4:   layout_regular_city, elwin_shoals_entry_stream, grunt_megastairs_2,
          uniq_urug
Lair:5:   layout_concentric_octagons, slime_dummy, minivault_19
Lair:6:   gammafunk_lair_ancient_temple, layout_layer_cave, uniq_rupert
Shoals:1: layout_shoals, serial_shops, bzr_entry_safe,
          nicolae_shoals_flooded_hall
Shoals:2: layout_shoals, nicolae_shoals_circle_sea_wall, uniq_ilsuiw
Shoals:3: layout_shoals, nzn_prometheus_bound
Shoals:4: shoals_end_grunt_ice, layout_shoals, nicolae_shoals_aquamancer_cove,
          uniq_polyphemus
Spider:1: layout_spider_delve, ebering_ghost_inner_flame,
          hangedman_spider_mandibles
Spider:2: layout_spider_delve, worms_lemuel, uniq_arachne, uniq_agnes,
          uniq_frances, uniq_jorgrun
Spider:3: layout_cave_pods, hellmonk_motheaten_closet, uniq_aizul
Spider:4: spider_rune_water, uniq_mara
Slime:1:  layout_caves, cheibrodos_slime_lost_civilization_5
Slime:2:  layout_caves, uniq_dissolution
Slime:3:  layout_caves
Slime:4:  layout_caves, nicolae_slime_phagocytosis
Orc:1:    layout_caves, nicolae_alphabet_shops
Orc:2:    st_orc_elflike, layout_caves, basic_altar
Elf:1:    elf_arrival_001, layout_loops_ring, kennysheep_underground_church,
          nicolae_elf_glass_and_crystal_pillar_1
Elf:2:    nicolae_elf_blades_crystal_corner, layout_loops_cross, minivault_28
Vaults:1: ebering_ghost_reflecting_pool, nicolae_vaults_asterisk,
          ontoclasm_vaults_ring_large, nicolae_vaults_little_squares_4,
          hangedman_vaults_maws, v_pattern_5, nicolae_vaults_little_squares_4,
          nicolae_vaults_network_barrier, hangedman_vaults_maws,
          grunt_vaults_trifunnel, v_misc_22, dpeg_vaults_monster_box,
          layout_vaults_omnigrid, uniq_nikola
Vaults:2: nicolae_vaults_three_branches, hangedman_vaults_stream, v_misc_13,
          vaults_dpeg_doors, v_misc_19, hangedman_vaults_cutoff,
          nicolae_vaults_disjoint_gnomons, hangedman_vaults_corner,
          nicolae_vaults_little_squares_1, ontoclasm_vaults_twist, v_pattern_1,
          vaults_room_hangedman_quadrants, v_misc_23, nicolae_vaults_theta,
          vaults_room_grid, layout_vaults_maze_bifur, serial_shops, statue_bzr,
          nicolae_shop_bloodbath_and_beyond, shop, uniq_mennas
Vaults:3: vaults_room_hallway, v_pattern_4, ontoclasm_vaults_decontamination,
          vaults_mumra_minichess_inversion, hangedman_vaults_slice,
          nicolae_vaults_little_squares_1, minmay_crypt_entry_skeletal_spiral,
          v_rooms_3, hangedman_vaults_pinch, hangedman_vaults_variations,
          grunt_vaults_focal, vaults_mumra_chevron, vaults_dpeg_hooks,
          vaults_room_pools, nicolae_vaults_specimen_jars, vaults_room_hallway,
          layout_vaults_omnicross, uniq_boris
Vaults:4: hangedman_vaults_impose, v_pattern_3, hangedman_vaults_trim,
          nicolae_vaults_theta, v_misc_26, hangedman_vaults_stagger,
          ontoclasm_vaults_ring_large, nicolae_vaults_network_square,
          hangedman_vaults_restitches, nicolae_vaults_theta, layout_vaults_ring
Vaults:5
Depths:1: layout_forbidden_donut, minmay_stone_trees_small,
          gammafunk_ghost_crypt, abyss_entry, pf_hell_entry_tar_spiral,
          minmay_swirly_circle, uniq_sojobo
Depths:2: minmay_skeleton_keep, layout_gridlike, enter_ziggurat_e,
          nemelex_altar_shiori, serial_shops, bzr_entry_lakeside, pan_entry,
          nicolae_abyss_entry_one_way_or_another, grunt_metal_band
Depths:3: minmay_sliced_demisemicircle, layout_basic, hell_entry,
          minmay_room_of_horrors, cheibriados_altar_1,
          infiniplex_staircase_pool_2
Depths:4: evilmike_zot_entry_diamond, layout_gridlike, grunt_hell_entry_dis_old,
          nicolae_ashenzari_panopticon, serial_rivers,
          chequers_serial_rivers_room_b, chequers_serial_rivers_small_b,
          chequers_serial_rivers_marsh, chequers_serial_rivers_micro_d,
          minmay_shop_grove
Zot:1:    lemuel_acid_trip, layout_concentric_octagons
Zot:2:    kennysheep_six_static_rooms, layout_gridlike
Zot:3:    layout_gridville, grunt_ministairs_3, st_stairs_5
Zot:4:    layout_misc_corridors, st_stairs_12, amethyst_zot_foddershock
Zot:5:    layout_concentric_octagons

Skill      XL: |  1  2  3  4  5  6  7  8  9 10 11 12 13 14 15 16 17 18 19 20 21 22 23 24 25 26 |
---------------+-------------------------------------------------------------------------------+-----
Fighting       | 4 5 6 8 9 10 12 14 15 16 17 18 19 20 22 23 24 26 27 | 27.0
Armour         | 4 5 6 8 9 10 12 14 15 16 17 18 19 20 22 23 24 26 27 | 27.0
Shields        | 4 5 6 7 9 10 | 10.6
Axes           | 3 4 5 7 9 10 12 14 16 18 20 21 23 24 | 24.0
Dodging        | 3 11 13 14 15 16 17 18 19 20 21 23 24 26 27 | 27.0
Crossbows      | 15 18 | 18.4

Action                   |  1- 3 |  4- 6 |  7- 9 | 10-12 | 13-15 | 16-18 | 19-21 | 22-24 | 25-27 || total
-------------------------+-------+-------+-------+-------+-------+-------+-------+-------+-------++-------
Melee: War axe           |    67 |    60 |   225 |   119 |       |       |       |       |       ||   471
       Headbutt          |     7 |     6 |    38 |   109 |   156 |   198 |   250 |   299 |   127 ||  1190
       Battleaxe         |       |       |       |    62 |       |       |       |       |       ||    62
       Executioner's axe |       |       |       |   317 |   522 |   864 |   911 |   999 |   393 ||  4006
       Quarterstaff      |       |       |       |    26 |    68 |       |       |     1 |       ||    95
       Quick blade       |       |       |       |       |    26 |       |       |       |       ||    26
 Fire: Hunting sling     |       |       |     2 |     8 |    13 |    15 |       |       |       ||    38
       Hand crossbow     |       |       |       |       |       |       |     4 |       |       ||     4
Throw: Boomerang         |       |     5 |     8 |     7 |       |       |       |       |       ||    20
       Throwing net      |       |     1 |       |     3 |       |     5 |       |       |       ||     9
       Javelin           |       |       |       |       |     3 |       |    12 |       |     5 ||    20
 Cast: Beastly Appendage |       |       |     1 |       |       |       |       |       |       ||     1
Invok: Ancestor Life: Ba |       |       |       |     1 |       |       |       |       |       ||     1
       Idealise          |       |       |       |       |     1 |       |       |       |     1 ||     2
       Transference      |       |       |       |       |     1 |       |       |       |       ||     1
       Recall Ancestor   |       |       |       |       |       |       |     1 |     1 |     2 ||     4
Evoke: Wand              |       |     1 |     2 |       |     9 |    20 |     1 |     5 |       ||    38
       Phial of floods   |       |       |       |       |       |       |       |     2 |       ||     2
       Condenser vane    |       |       |       |       |       |       |       |     1 |       ||     1
  Use: Scroll            |       |     1 |     1 |     5 |    12 |    17 |     7 |    12 |     8 ||    63
       Potion            |       |       |     3 |     2 |     3 |     9 |     6 |     5 |    11 ||    39
 Stab: Distracted        |       |       |       |     1 |    13 |    24 |    16 |    14 |     7 ||    75
       Petrified         |       |       |       |     1 |       |     6 |       |       |       ||     7
       Petrifying        |       |       |       |     1 |       |     3 |       |       |       ||     4
       Held in net/web   |       |       |       |       |       |     1 |       |       |       ||     1
       Paralysed         |       |       |       |       |       |     2 |       |     2 |     2 ||     6
       Invisible         |       |       |       |       |       |       |     7 |       |       ||     7
       Confused          |       |       |       |       |       |       |       |       |     4 ||     4
Armor: Scale mail        |    22 |    36 |    91 |       |       |       |       |       |       ||   149
       Acid dragon scale |       |       |    62 |     2 |       |       |       |       |       ||    64
       Plate armour      |       |       |       |   646 |   622 |   889 |   452 |   510 |       ||  3119
       Gold dragon scale |       |       |       |       |       |       |       |    56 |   161 ||   217
       Fire dragon scale |       |       |       |       |       |       |       |       |    49 ||    49
Dodge: Dodged            |    28 |    51 |   105 |   281 |   619 |  1150 |   639 |   918 |   332 ||  4123
Block: Buckler           |    13 |    12 |    58 |    41 |       |       |       |       |       ||   124
       Other             |       |       |       |       |       |       |       |       |    15 ||    15
